Map: Galactic Process LE

Players

Rail

  • Race: Protoss Protoss

LiquidTLO (TLO) - Winner!

  • Race: Zerg Zerg
  • League: Master

Event: DreamHack ZOWIE Open Valencia 2016

VOD

Have the link to the VOD?

Description

Time

  • Played on: July 15, 2016, 3:41 a.m.
  • Length: 10:55

All games in this series

Show
View Real Time Build Order
Export as new Build Order

Rail Protoss 

Build Orders: 1 Gate Expand 

Get SALT Encoding   

  12  0:00  Probe (Chrono Boost)  
  13  0:11  Probe (Chrono Boost)  
  14  0:17  Pylon  
  14  0:22  Probe (Chrono Boost)  
  15  0:36  Probe (Chrono Boost)  
  15  0:37  Gateway  
  15  0:42  Assimilator  
  16  0:47  Probe (Chrono Boost)  
  17  0:57  Probe (Chrono Boost)  
  18  1:08  Probe (Chrono Boost)  
  19  1:18  Nexus  
  19  1:28  Cybernetics Core  
  19  1:31  Probe (Chrono Boost)  
  20  1:36  Assimilator  
  20  1:42  Probe (Chrono Boost)  
  21  1:48  Pylon  
  21  1:52  Probe (Chrono Boost)  
  22  2:03  Probe (Chrono Boost)  
  22  2:06  Stalker, Warp Gate  
  25  2:13  Probe (Chrono Boost)  
  26  2:24  Mothership Core (Chrono Boost)  
  26  2:29  Gateway  
  28  2:30  Probe (Chrono Boost)  
  28  2:36  Stalker  
  31  2:41  Probe (Chrono Boost)  
  32  2:44  Probe (Chrono Boost)  
  33  2:53  Probe (Chrono Boost)  
  34  2:59  Probe (Chrono Boost)  
  34  3:01  Gateway  
  34  3:04  Probe (Chrono Boost)  
  36  3:06  Sentry  
  38  3:13  Gateway  
  38  3:15  Probe x2 (Chrono Boost)  
  40  3:23  Forge  
  40  3:25  Probe (Chrono Boost)  
  41  3:27  Probe (Chrono Boost)  
  41  3:32  Pylon  
  42  3:36  Sentry, Probe (Chrono Boost)  
  42  3:40  Probe (Chrono Boost)  
  46  3:50  Pylon  
  46  3:51  Sentry, Probe (Chrono Boost)  
  46  3:52  Assimilator  
  46  3:54  Assimilator  
  49  3:56  Protoss Ground Weapons Level 1  
  49  3:57  Probe (Chrono Boost)  
  49  4:01  Probe (Chrono Boost)  
  51  4:07  Probe (Chrono Boost)  
  52  4:11  Robotics Facility  
  52  4:13  Probe (Chrono Boost)  
  53  4:18  Pylon, Probe (Chrono Boost)  
  53  4:23  Probe (Chrono Boost)  
  55  4:27  Pylon  
  55  4:29  Adept  
  55  4:30  Probe (Chrono Boost)  
  58  4:33  Sentry, Adept  
  58  4:37  Probe (Chrono Boost)  
  63  4:41  Probe (Chrono Boost)  
  64  4:46  Nexus  
  64  4:47  Sentry  
  66  4:52  Pylon  
  66  4:53  Sentry  
  66  4:56  Adept  
  70  5:00  Zealot  
  70  5:01  Probe (Chrono Boost)  
  70  5:03  Observer, Probe (Chrono Boost)  
  75  5:11  Probe (Chrono Boost)  
  75  5:14  Twilight Council, Probe (Chrono Boost)  
  77  5:17  Pylon  
  77  5:22  Adept, Probe (Chrono Boost)  
  77  5:26  Warp Prism  
  77  5:27  Probe (Chrono Boost)  
  83  5:32  Probe (Chrono Boost)  
  83  5:35  Pylon  
  84  5:38  Probe (Chrono Boost)  
  85  5:48  Stalker x2, Sentry  
  93  5:55  Sentry  
  93  5:56  Gateway  
  93  5:59  Gateway  
  89  6:13  Adept x3  
  89  6:16  Blink  
  89  6:18  Probe x2 (Chrono Boost)  
  96  6:19  Probe (Chrono Boost)  
  84  6:28  Probe (Chrono Boost)  
  84  6:30  Probe (Chrono Boost)  
  84  6:31  Sentry, Probe (Chrono Boost)  
  86  6:34  Immortal  
  86  6:37  Stalker, Sentry  
  86  6:39  Zealot  
  96  6:40  Probe (Chrono Boost)  
  96  6:45  Pylon, Probe x2 (Chrono Boost)  
  99  6:47  Pylon  
  99  6:48  Pylon  
  99  6:50  Pylon  
  99  6:52  Sentry  
  101  6:55  Stalker  
  101  6:56  Stalker  
  106  7:02  Probe (Chrono Boost)  
  106  7:05  Zealot x3  
  106  7:08  Assimilator  
  113  7:09  Assimilator  
  113  7:10  Probe (Chrono Boost)  
  113  7:14  Immortal  
  113  7:17  Stalker, Sentry  
  119  7:28  Probe (Chrono Boost)  
  117  7:30  Protoss Ground Weapons Level 2  
  117  7:31  Probe (Chrono Boost)  
  117  7:36  Adept x2  
  117  7:37  Adept  
  122  7:39  Zealot x2  
  122  7:42  Stalker  
  128  7:57  Gateway  
  128  7:58  Gateway  
  128  7:59  Stalker x2  
  128  8:00  Stalker  
  134  8:08  Stalker x2  
  134  8:12  Immortal  
  138  8:16  Stalker  
  144  8:21  Pylon  
  144  8:23  Pylon  
  144  8:28  Stalker  
  144  8:30  Stalker  
  147  8:37  Stalker x2  
  138  8:48  Stalker x2  
  118  8:56  Stalker x2  
  101  9:05  Probe x2 (Chrono Boost)  
  94  9:10  Stalker x2  
  94  9:16  Probe (Chrono Boost)  
  98  9:18  Probe x2 (Chrono Boost)  
  97  9:25  Immortal  
  97  9:30  Probe x2 (Chrono Boost)  
  99  9:34  Robotics Facility  
  99  9:37  Robotics Facility  
  102  9:45  Probe (Chrono Boost)  
  102  9:46  Probe x2 (Chrono Boost)  
  102  9:57  Probe x2 (Chrono Boost)  
  105  10:00  Probe (Chrono Boost)  
  105  10:06  Templar Archives  
  105  10:07  Probe (Chrono Boost)  
  105  10:12  Probe (Chrono Boost)  
  107  10:17  Probe (Chrono Boost)  
  107  10:18  Probe (Chrono Boost)  
  113  10:29  Pylon  
Show
View Real Time Build Order
Export as new Build Order

LiquidTLO Zerg - Winner!

Build Orders: Hatch First, Lurkers 

Get SALT Encoding   

  12  0:01  Drone  
  13  0:12  Overlord  
  13  0:17  Drone  
  14  0:31  Drone  
  14  0:32  Drone  
  16  0:36  Drone  
  17  0:53  Hatchery  
  17  0:56  Drone  
  17  0:59  Drone  
  17  1:02  Extractor  
  17  1:14  Spawning Pool  
  17  1:18  Drone  
  17  1:21  Drone  
  18  1:28  Drone  
  19  1:39  Overlord  
  19  1:50  Drone  
  20  2:01  Drone, Queen  
  22  2:05  Zergling x2, Queen  
  26  2:13  Zergling x2  
  26  2:14  Metabolic Boost  
  27  2:17  Drone  
  28  2:24  Drone  
  28  2:29  Drone  
  30  2:37  Hatchery  
  30  2:41  Drone x2  
  31  2:47  Queen  
  33  2:53  Overlord  
  33  2:56  Zergling x2  
  33  2:59  Drone x2  
  35  3:11  Drone  
  36  3:14  Drone x2, Overlord  
  36  3:15  Drone x2  
  36  3:17  Zergling x2  
  36  3:18  Drone  
  42  3:22  Overlord  
  42  3:27  Queen  
  42  3:33  Overlord  
  42  3:34  Zergling x2  
  45  3:36  Drone  
  46  3:44  Drone x2  
  46  3:45  Drone  
  46  3:46  Drone  
  49  3:52  Drone  
  49  3:53  Drone, Spine Crawler  
  49  3:54  Spine Crawler  
  49  3:57  Drone x2  
  49  3:59  Drone  
  49  4:00  Drone  
  49  4:02  Drone  
  54  4:04  Drone  
  55  4:14  Drone x2, Overlord  
  57  4:17  Lair  
  57  4:18  Zergling x2  
  57  4:20  Zergling x2, Drone  
  60  4:26  Zergling x4, Overlord  
  62  4:31  Drone, Extractor  
  62  4:32  Drone x3  
  62  4:33  Drone  
  62  4:34  Zergling x2  
  67  4:38  Extractor  
  67  4:39  Drone, Extractor  
  67  4:41  Drone  
  67  4:42  Drone  
  67  4:45  Drone  
  68  4:47  Drone  
  68  4:49  Drone  
  68  4:52  Extractor  
  69  4:55  Drone, Spore Crawler, Extractor  
  69  4:56  Zergling x2, Overlord  
  69  4:57  Zergling x2  
  69  4:58  Zergling x2  
  69  4:59  Zergling x2  
  72  5:01  Drone  
  72  5:02  Drone  
  72  5:03  Drone  
  72  5:05  Drone x3  
  78  5:07  Drone  
  78  5:11  Zergling x2  
  80  5:16  Zergling x2  
  80  5:17  Hydralisk Den, Queen  
  80  5:20  Zergling x2  
  83  5:21  Zergling x2  
  83  5:22  Drone  
  83  5:23  Zergling x2  
  83  5:24  Spine Crawler  
  83  5:27  Zergling x2  
  83  5:28  Zergling x2  
  87  5:29  Zergling x2  
  87  5:30  Zergling x2, Spine Crawler  
  88  5:36  Drone  
  88  5:37  Drone x4  
  88  5:38  Drone  
  94  5:52  Overlord  
  94  5:53  Overlord x3  
  93  6:08  Overlord  
  93  6:10  Muscular Augments  
  93  6:11  Hydralisk  
  91  6:14  Spire  
  91  6:15  Hydralisk  
  91  6:16  Hydralisk x5  
  103  6:19  Hydralisk  
  103  6:20  Hydralisk  
  103  6:22  Hydralisk  
  103  6:24  Hydralisk  
  100  6:27  Hydralisk  
  97  6:35  Evolution Chamber x2, Drone  
  97  6:38  Zergling x2  
  97  6:39  Zergling x2  
  98  6:40  Zergling x2  
  98  6:43  Drone  
  98  6:44  Spore Crawler  
  99  6:47  Drone x3  
  99  6:48  Zergling x2  
  103  6:55  Drone, Overseer  
  103  6:56  Zergling x2  
  103  7:01  Drone  
  106  7:03  Zerg Missile Weapons Level 1, Zerg Ground Armor Level 1  
  106  7:05  Drone, Hatchery  
  106  7:06  Zergling x2  
  106  7:07  Zergling x2  
  106  7:08  Zergling x2  
  109  7:09  Zergling x2  
  109  7:12  Hydralisk  
  112  7:16  Overlord  
  112  7:17  Overlord  
  112  7:20  Hydralisk  
  112  7:21  Hydralisk  
  115  7:24  Hydralisk  
  115  7:25  Hydralisk  
  115  7:27  Hydralisk  
  118  7:30  Zergling x2  
  118  7:32  Zergling x4  
  118  7:34  Lurker Den  
  118  7:36  Drone  
  121  7:40  Mutalisk x2  
  121  7:41  Mutalisk  
  127  7:46  Mutalisk x2  
  127  7:51  Drone  
  132  7:56  Drone  
  133  8:02  Overlord x2  
  133  8:03  Drone  
  134  8:12  Overlord  
  130  8:17  Hydralisk  
  130  8:18  Hydralisk x7  
  130  8:19  Hydralisk  
  137  8:24  Hydralisk  
  137  8:26  Hydralisk  
  137  8:27  Spine Crawler  
  142  8:30  Hydralisk  
  142  8:33  Spine Crawler  
  143  8:35  Hydralisk x2  
  143  8:38  Hydralisk  
  143  8:40  Hydralisk  
  151  8:41  Hydralisk  
  151  8:43  Hydralisk  
  151  8:47  Hydralisk  
  142  8:51  Hydralisk  
  142  8:54  Hydralisk  
  130  8:58  Hydralisk  
  130  9:01  Hydralisk  
  120  9:06  Lurker x2  
  120  9:07  Lurker  
  119  9:10  Lurker  
  119  9:11  Lurker  
  119  9:14  Hydralisk x2  
  119  9:16  Drone  
  119  9:17  Drone  
  122  9:20  Hydralisk  
  124  9:25  Drone x3  
  124  9:27  Drone  
  124  9:28  Drone  
  124  9:29  Drone  
  130  9:33  Drone x2  
  130  9:35  Zergling x4  
  130  9:36  Zergling x2  
  135  9:39  Hydralisk  
  135  9:41  Drone  
  136  9:48  Zergling x6  
  136  9:50  Extractor  
  138  9:57  Zergling x4  
  138  9:58  Zergling x2, Overseer  
  141  10:00  Lurker x2  
  141  10:03  Lurker  
  141  10:04  Zergling x2  
  141  10:06  Zergling x2  
  146  10:08  Lurker x2  
  146  10:12  Lurker, Hatchery  
  148  10:15  Hydralisk  
  148  10:17  Zergling x4  
  148  10:18  Zergling x4  
  148  10:20  Zergling x4  
  156  10:28  Hydralisk  
  154  10:29  Hydralisk x2  

Tags
 
Add a new tag
Caveats
  • Supply blocks, unpowered buildings, or Contaminate may cause inaccurate times.
  • Supply counts are checked every 10 seconds.